 Dungeon Crawl Stone Soup version 0.29.1-1-gd02db6906a (webtiles) character file.

Game seed: 9484999538037019147

123 hawla the Firebug (level 5, -2/38 HPs)
             Began as a Meteoran Fire Elementalist on Oct 10, 2022.
             Slain by a hornet (12 damage)
             ... on level 4 of the Dungeon.
             The game lasted 00:07:59 (1955 turns).

hawla the Firebug (Meteoran Fire Elementalist)      Turns: 1955, Time: 00:08:00

Health: -2/38      AC:  3    Str:  9    XL:     5   Next: 55%
Magic:  0/11       EV: 13    Int: 18    God:
Gold:   121        SH:  0    Dex: 15    Spells: 4/11 levels left

rFire   + . .      SeeInvis .   (no weapon)
rCold   . . .      Faith    .   (no shield)
rNeg    . . .      Spirit   .   a - +0 robe
rPois   .          Reflect  .   (no helmet)
rElec   .          Harm     .   e - +0 cloak
rCorr   .          Rampage  .   (no gloves)
Will    .....                   (no boots)
Stlth   +.........              (no amulet)
HPRegen 0.12/turn               i - ring of protection from fire
MPRegen 0.12/turn               (no ring)

@: lethally poisoned (-2 -> -13), slowed, glowing, studying Translocations, very
slow
A: sense surroundings 1, otherworldly, glowing, explore regen
a: no special abilities


You were on level 4 of the Dungeon.
You visited 1 branch of the dungeon, and saw 4 of its levels.

You collected 221 gold pieces.
You spent 100 gold pieces at shops.

Inventory:

Armour
 a - a +0 robe (worn)
 e - a +0 cloak (worn)
Jewellery
 i - a ring of protection from fire (left hand)
 s - a ring of willpower
Scrolls
 c - 3 scrolls of teleportation
 g - 2 scrolls of noise {unknown}
 j - a scroll of vulnerability {unknown}
 n - 3 scrolls of identify {unknown}
 p - a scroll of summoning {unknown}
 q - a scroll of fog {unknown}
 r - a scroll of enchant weapon {unknown}
 t - a scroll of blinking {unknown}
 u - 2 scrolls of fear {unknown}
 w - a scroll of poison {unknown}
Potions
 b - a potion of magic
 d - a potion of degeneration {unknown}
 f - 2 potions of lignification {unknown}
 h - 2 potions of heal wounds
 k - a potion of mutation {unknown}
 l - a potion of brilliance {unknown}
 m - 2 potions of curing {unknown}
 o - 2 potions of haste {unknown}
 v - a potion of cancellation {unknown}


   Skills:
 - Level 3.1 Dodging
 - Level 1.4 Stealth
 - Level 3.9 Spellcasting
 + Level 1.8 Conjurations
 + Level 5.5 Fire Magic


You had 4 spell levels left.
You knew the following spells:

 Your Spells              Type           Power      Damage    Failure   Level
a - Foxfire               Conj/Fire      64%        2x1d7     3%          1
b - Scorch                Fire           46%        2d7       2%          2
c - Flame Wave            Conj/Fire      16%        2d7       32%         4

Your spell library contained the following spells:

 Spells                   Type           Power      Damage    Failure   Level
 Conjure Flame            Conj/Fire      16%        6-21      10%         3
 Inner Flame              Hex/Fire       13%        N/A       14%         3
 Poisonous Vapours        Pois/Air       6%         N/A       22%         2
 Gell's Gravitas          Tloc           3%         N/A       41%         3
 Teleport Other           Tloc           3%         N/A       41%         3
 Corpse Rot               Necr/Pois/Air  3%         N/A       83%         4
 Dispersal                Tloc           1%         N/A       100%        6


Dungeon Overview and Level Annotations

Branches:
Dungeon (4/15) Zot: 443
 Temple: D:4-7

Altars:
Trog
Wu Jian
The Shining One

Shops:
D:2 *

Annotations:
D:3 1 transporter, sluggamer's ghost, amateur DEFE
D:4 2 runed translucent doors


Innate Abilities, Weirdness & Mutations

You passively map a small area around you.
You are easily found by Zot.
You glow in the dark.
You regain HP and MP as you explore.


Message History

The hornet's fire resistance burns away.
The hornet stings you!
You are poisoned.
You feel as though you will be slow longer.
The hornet closely misses you.
Casting: Scorch (safe; 2% risk of failure)
Confirm with . or Enter, or press ? or * to list all spells.
The spell is extremely dangerous to miscast (32% risk of failure)!
Continue anyway?
Casting: Flame Wave (extremely dangerous; 32% risk of failure)
Press: ? - help, Dir - look around, f - activate A wave of flame ripples out!
The flame wave engulfs the hornet but does no damage.
The hornet is lightly wounded. (Press . to intensify the flame waves.)
You feel very sick. The hornet stings you.
You are lethally poisoned!
You feel as though you will be slow longer.
The hornet stings you!
* * * LOW HITPOINT WARNING * * *
You feel as though you will be slow longer.
The hornet closely misses you.
It was a potion of heal wounds.
You feel much better.
You feel extremely sick.
The hornet is no longer more vulnerable to fire.
The hornet closely misses you. The hornet misses you.
Casting: Flame Wave (extremely dangerous; 32% risk of failure)
Confirm with . or Enter, or press ? or * to list all spells.
The spell is extremely dangerous to miscast (32% risk of failure)!
Continue anyway? [Y]es or [N]o only, please.
The spell is extremely dangerous to miscast (32% risk of failure)!
Continue anyway?
Casting: Flame Wave (extremely dangerous; 32% risk of failure)
Press: ? - help, Dir - look around, f - activate A wave of flame ripples out!
The flame wave engulfs the hornet!
The hornet is moderately wounded. (Press . to intensify the flame waves.)
* * * LOW HITPOINT WARNING * * *
You feel very sick. The hornet barely misses you. The hornet stings you!
You die...

##..###....
##..####....
###..## #.....
#...## #.....
## ##..##
#..... ##..
##.#.## #.....
.....*###.###.#
#.....
#.....#..## #.#
##....
#.....y@## ###
##... #...!..##
#### #......
.......,
....... *
#...... ,* * .#
#...... * , ..
####.#. * , ,..
..


You could see a hornet.

Vanquished Creatures
  2 adders
  A white imp (D:4)
  7 dart slugs
  5 orcs (D:4)
  7 ball pythons
  4 bats
  6 endoplasms
  6 giant cockroaches
  6 goblins
  9 hobgoblins
  2 jackals (D:1)
  2 quokkas (D:1)
  A goblin skeleton (D:4)
  2 hobgoblin zombies (D:4)
  5 kobolds
  2 kobold zombies (D:4)
  An orc skeleton (D:4)
  2 orc zombies (D:4)
  7 rats
77 creatures vanquished.

Vanquished Creatures (others)
  121 foxfires
121 creatures vanquished.

Grand Total: 198 creatures vanquished

Notes
Turn   | Place    | Note
-------+----------+-------------------------------------------
     0 | D:1      | hawla the Meteoran Fire Elementalist began the quest for
                  | the Orb.
     0 | D:1      | Reached XP level 1. HP: 14/14 MP: 5/5
    85 | D:1      | Reached skill level 4 in Fire Magic
    85 | D:1      | Reached XP level 2. HP: 16/20 MP: 2/6
   173 | D:1      | Reached XP level 3. HP: 26/26 MP: 4/8
   500 | D:1      | Glimpsed the power of Zot.
   522 | D:2      | Found Syonwugi's Assorted Antiques.
   580 | D:2      | Reached XP level 4. HP: 24/33 MP: 5/10
   583 | D:2      | Learned a level 2 spell: Scorch
   808 | D:2      | Bought an ivory ring for 100 gold pieces
  1100 | D:2      | Glimpsed the power of Zot.
  1109 | D:3      | Reached skill level 5 in Fire Magic
  1254 | D:3      | Reached XP level 5. HP: 38/38 MP: 8/11
  1317 | D:3      | Found a bloodstained altar of Trog.
  1519 | D:3      | Found a transporter.
  1519 | D:3      | Noticed an ogre
  1519 | D:3      | Noticed sluggamer's ghost (amateur DEFE)
  1519 | D:3      | Identified the +7 great mace of Disarray {spect, rElec}
  1519 | D:3      | Noticed an ogre
  1608 | D:4      | Learned a level 4 spell: Flame Wave
  1637 | D:4      | Found a glowing golden altar of the Shining One.
  1732 | D:4      | Found an ornate altar of the Wu Jian Council.
  1874 | D:4      | Found a large runed translucent door.
  1874 | D:4      | Found a large runed translucent door.
  1950 | D:4      | Noticed a hornet
  1953 | D:4      | HP: 1/38 [hornet (13)]
  1955 | D:4      | Slain by a hornet

Illustrated notes

Levels and vault maps discovered:
D:1:      amcnicky_arrival_underground_garden, layout_basic, minmay_misc_feat_x,
          st_stairs_2
D:2:      layout_loops_ring, serial_shops, nicolae_lakefront_shop,
          minmay_octomino_e4
D:3:      minmay_razor_zed, layout_basic, mainiacjoe_overflow_alcove_4,
          gammafunk_ghost_smash, grunt_ministairs_1
D:4:      layout_cave_pods, nicolae_tso_besieged_by_evil,
          nzn_wu_jian_council_hall, jmf_multi_god_temple2, uniq_menkaure

Skill      XL: |  1  2  3  4 |
---------------+-------------+-----
Fire Magic     | 4 5 |  5.5
Spellcasting   | 3 |  3.9
Dodging        | 3 |  3.1
Stealth        | |  1.4
Conjurations   | |  1.8

Action                   |  1- 3 |  4- 6 || total
-------------------------+-------+-------++-------
Melee: Unarmed           |     5 |     9 ||    14
 Cast: Foxfire           |    35 |    38 ||    73
       Scorch            |       |    21 ||    21
       Flame Wave        |       |     5 ||     5
  Use: Scroll            |     1 |       ||     1
       Potion            |       |     1 ||     1
Armor: Robe              |     5 |     5 ||    10
Dodge: Dodged            |     9 |    21 ||    30
